General information
- name: BNet
- type: Ladder team game (AT/RT)
- host: Battle.net
- saver: Liko
map: DragonFalls
- players: 8
- length: 14:24
- speed: Fast
- version: 1.26 W3XP
- replay type: Public
» download(95 KB)
Players
team 1 (winner)
GENERAL]GUAPO (
orange | 44 APM | 629 actions | 14:23)
3 Blademaster
1 Wind Walk
2 Critical Strike
3 Shadow Hunter
1 Hex
2 Healing Wave
2 Tauren Chieftain
1 Endurance Aura
1 War Stomp
» actions
| Assign group hotkey | 2 | |
| Basic commands | 5 | |
| Build / train | 66 | |
| Enter build submenu | 13 | |
| Enter hero's abilities submenu | 8 | |
| Give item / drop item | 8 | |
| Remove unit from queue | 1 | |
| Right click | 336 | |
| Select / deselect | 142 | |
| Use ability | 48 | |
629 total
» units
| Peon | 13 | |
| Shaman | 3 | |
| Tauren | 4 | |
| Spirit Walker | 2 | |
| Goblin Shredder | 2 | |
24 total
» upgrades
| Shaman Training | 2 | |
| Pulverize | 1 | |
| Reinforced Defenses | 1 | |
| Spirit Walker Training | 3 | |
7 total
» buildings
| Orc Burrow | 5 | |
| Altar of Storms | 1 | |
| Voodoo Lounge | 2 | |
| War Mill | 1 | |
| Stronghold | 2 | |
| Fortress | 2 | |
| Spirit Lodge | 1 | |
| Tauren Totem | 3 | |
17 total
» build order
00:18 Orc Burrow
00:21 Altar of Storms
01:37 Voodoo Lounge
01:48 Orc Burrow
02:14 War Mill
02:35 Stronghold
02:35 Stronghold
02:54 Orc Burrow
03:23 Orc Burrow
05:47 Fortress
05:48 Fortress
05:50 Spirit Lodge
08:50 Tauren Totem
08:53 Tauren Totem
09:01 Tauren Totem
11:41 Voodoo Lounge
11:45 Orc Burrow
» items
| Healing Salve | 3 | |
| Lesser Clarity Potion | 3 | |
| Scroll of Speed | 1 | |
| Boots of Speed | 3 | |
| Circlet of Nobility | 1 | |
| Dust of Appearance | 1 | |
| Orb of Lightning | 2 | |
| Tiny Great Hall | 1 | |
15 total
SunOfaBeach (
green | 72 APM | 1030 actions | 14:23)
4 Death Knight
2 Death Coil
2 Unholy Aura
» actions
| Assign group hotkey | 15 | |
| Basic commands | 13 | |
| Build / train | 44 | |
| ESC pressed | 4 | |
| Enter build submenu | 12 | |
| Enter hero's abilities submenu | 4 | |
| Right click | 395 | |
| Select / deselect | 173 | |
| Select group hotkey | 323 | |
| Use ability | 47 | |
1030 total
» units
| Acolyte | 2 | |
| Ghoul | 7 | |
| Necromancer | 7 | |
| Meatwagon | 4 | |
| Obsidian Statue | 3 | |
23 total
» upgrades
| Necromancer Training | 2 | |
| Skeletal Mastery | 1 | |
| Skeletal Longevity | 1 | |
| Banshee Training | 2 | |
| Exhume Corpses | 1 | |
| Destroyer Form | 1 | |
8 total
» buildings
| Crypt | 1 | |
| Graveyard | 1 | |
| Ziggurat | 5 | |
| Altar of Darkness | 1 | |
| Halls of the Dead | 1 | |
| Tomb of Relics | 1 | |
| Black Citadel | 2 | |
| Temple of the Damned | 2 | |
| Slaughterhouse | 1 | |
15 total
» build order
00:06 Crypt
00:18 Graveyard
00:36 Ziggurat
01:04 Altar of Darkness
02:39 Halls of the Dead
03:19 Ziggurat
03:21 Ziggurat
03:23 Ziggurat
03:24 Ziggurat
03:30 Tomb of Relics
05:00 Black Citadel
05:00 Black Citadel
05:02 Temple of the Damned
05:05 Temple of the Damned
05:08 Slaughterhouse

»
QBOYQ (
purple | 56 APM | 802 actions | 14:23)
3 Dreadlord
2 Vampiric Aura
1 Sleep
» actions
| Assign group hotkey | 13 | |
| Build / train | 43 | |
| ESC pressed | 1 | |
| Enter build submenu | 16 | |
| Enter hero's abilities submenu | 4 | |
| Right click | 348 | |
| Select / deselect | 127 | |
| Select group hotkey | 223 | |
| Use ability | 27 | |
802 total
» units
| Acolyte | 9 | |
| Ghoul | 8 | |
| Gargoyle | 8 | |
| Furbolg Shaman | 1 | |
26 total
» upgrades
| Cannibalize | 1 | |
| Creature Attack | 3 | |
| Creature Carapace | 2 | |
6 total
» buildings
| Ziggurat | 8 | |
| Crypt | 2 | |
| Nerubian Tower | 2 | |
| Altar of Darkness | 1 | |
| Halls of the Dead | 1 | |
| Tomb of Relics | 1 | |
| Graveyard | 1 | |
| Black Citadel | 1 | |
| Spirit Tower | 1 | |
| Sacrificial Pit | 1 | |
19 total
» build order
00:09 Ziggurat
00:13 Crypt
00:20 Crypt
01:06 Nerubian Tower
02:19 Ziggurat
02:21 Ziggurat
03:44 Altar of Darkness
03:52 Ziggurat
04:34 Halls of the Dead
04:51 Tomb of Relics
05:14 Graveyard
05:20 Nerubian Tower
11:08 Black Citadel
11:42 Ziggurat
11:44 Ziggurat
11:47 Ziggurat
11:50 Ziggurat
12:43 Spirit Tower
12:51 Sacrificial Pit
» items
| Potion of Healing | 1 | |
| Dust of Appearance | 1 | |
2 total
Liko (
yellow | 75 APM | 1081 actions | 14:24)
4 Death Knight
2 Death Coil
2 Unholy Aura
3 Dark Ranger
2 Silence
1 Life Drain
3 Pit Lord
2 Howl of Terror
1 Cleaving Attack
» actions
| Assign group hotkey | 32 | |
| Basic commands | 44 | |
| Build / train | 71 | |
| ESC pressed | 2 | |
| Enter build submenu | 16 | |
| Enter hero's abilities submenu | 10 | |
| Give item / drop item | 9 | |
| Right click | 304 | |
| Select / deselect | 239 | |
| Select group hotkey | 298 | |
| Use ability | 56 | |
1081 total
» units
| Acolyte | 8 | |
| Ghoul | 4 | |
| Crypt Fiend | 2 | |
| Frost Wyrm | 6 | |
20 total
» upgrades
| Freezing Breath | 1 | |
| Creature Carapace | 2 | |
| Web | 1 | |
4 total
» buildings
| Graveyard | 1 | |
| Crypt | 1 | |
| Altar of Darkness | 1 | |
| Ziggurat | 7 | |
| Tomb of Relics | 1 | |
| Halls of the Dead | 1 | |
| Necropolis | 1 | |
| Black Citadel | 1 | |
| Sacrificial Pit | 1 | |
| Nerubian Tower | 2 | |
| Boneyard | 2 | |
19 total
» build order
00:16 Graveyard
00:23 Crypt
00:49 Altar of Darkness
01:04 Ziggurat
01:55 Tomb of Relics
02:09 Ziggurat
03:46 Halls of the Dead
04:12 Necropolis
06:15 Black Citadel
06:21 Sacrificial Pit
07:54 Nerubian Tower
08:40 Boneyard
08:44 Boneyard
09:31 Ziggurat
10:36 Ziggurat
11:12 Ziggurat
11:57 Ziggurat
12:36 Nerubian Tower
13:58 Ziggurat
» items
| Rod of Necromancy | 1 | |
| Sacrificial Skull | 3 | |
| Scroll of Speed | 1 | |
| Lesser Clarity Potion | 2 | |
| Healing Salve | 1 | |
| Orb of Corruption | 2 | |
| Boots of Speed | 1 | |
| Potion of Lesser Invulnerability | 2 | |
| Scroll of Healing | 4 | |
| Scroll of Protection | 2 | |
| Periapt of Vitality | 1 | |
20 total
team 2 (loser)
SkyeFox (
red | 56 APM | 795 actions | 14:07)
5 Tauren Chieftain
3 Shockwave
2 Endurance Aura
» actions
| Assign group hotkey | 4 | |
| Basic commands | 26 | |
| Build / train | 39 | |
| Enter build submenu | 13 | |
| Enter hero's abilities submenu | 5 | |
| Give item / drop item | 1 | |
| Right click | 370 | |
| Select / deselect | 279 | |
| Select group hotkey | 3 | |
| Use ability | 54 | |
795 total
» units
» upgrades
| Melee Weapons | 2 | |
| Berserker Strength | 1 | |
| Armor | 1 | |
4 total
» buildings
| Altar of Storms | 1 | |
| Orc Burrow | 5 | |
| Barracks | 2 | |
| Voodoo Lounge | 1 | |
| War Mill | 1 | |
| Stronghold | 1 | |
| Spirit Lodge | 2 | |
| Fortress | 1 | |
14 total
» build order
00:06 Altar of Storms
00:09 Orc Burrow
00:59 Barracks
01:28 Barracks
02:20 Orc Burrow
02:27 Voodoo Lounge
02:45 Orc Burrow
04:19 War Mill
05:07 Stronghold
08:21 Spirit Lodge
08:26 Orc Burrow
09:02 Fortress
09:19 Orc Burrow
11:49 Spirit Lodge
» items
| Healing Salve | 5 | |
| Lesser Clarity Potion | 3 | |
| Scroll of Speed | 1 | |
9 total

»
TRIPPYMANE (
pink | 18 APM | 264 actions | 14:23)
2 Paladin
1 Holy Light
1 Divine Shield
» actions
| Basic commands | 1 | |
| Build / train | 30 | |
| Enter build submenu | 11 | |
| Enter hero's abilities submenu | 2 | |
| Right click | 117 | |
| Select / deselect | 83 | |
| Use ability | 20 | |
264 total
» units
| Peasant | 11 | |
| Footman | 4 | |
| Rifleman | 4 | |
| Knight | 3 | |
22 total
» upgrades
» buildings
| Altar of Kings | 1 | |
| Farm | 7 | |
| Barracks | 1 | |
| Blacksmith | 1 | |
| Lumber Mill | 1 | |
| Keep | 1 | |
| Castle | 1 | |
13 total
» build order
00:37 Altar of Kings
00:39 Farm
01:29 Barracks
02:02 Farm
02:44 Blacksmith
02:47 Farm
03:30 Farm
03:40 Farm
04:25 Lumber Mill
06:05 Keep
06:21 Farm
08:40 Castle
10:05 Farm
zul.maran. (
blue | 21 APM | 299 actions | 14:11)
1 Blademaster
1 Wind Walk
1 Far Seer
1 Feral Spirit
» actions
| Assign group hotkey | 29 | |
| Basic commands | 6 | |
| Build / train | 27 | |
| ESC pressed | 2 | |
| Enter build submenu | 21 | |
| Enter hero's abilities submenu | 3 | |
| Right click | 56 | |
| Select / deselect | 75 | |
| Select group hotkey | 62 | |
| Use ability | 18 | |
299 total
» units
| Peon | 5 | |
| Tauren | 3 | |
| Spirit Walker | 3 | |
11 total
» upgrades
| Spirit Walker Training | 2 | |
| Armor | 1 | |
| Pulverize | 1 | |
4 total
» buildings
| Altar of Storms | 2 | |
| Orc Burrow | 4 | |
| Barracks | 1 | |
| Voodoo Lounge | 1 | |
| War Mill | 1 | |
| Stronghold | 2 | |
| Watch Tower | 2 | |
| Fortress | 2 | |
| Spirit Lodge | 1 | |
| Tauren Totem | 2 | |
18 total
» build order
00:07 Altar of Storms
00:16 Orc Burrow
01:03 Altar of Storms
01:07 Barracks
01:14 Voodoo Lounge
01:55 Orc Burrow
03:03 War Mill
03:43 Orc Burrow
03:48 Stronghold
03:48 Stronghold
06:05 Watch Tower
06:05 Watch Tower
06:10 Fortress
06:10 Fortress
07:32 Spirit Lodge
09:02 Tauren Totem
09:11 Tauren Totem
12:39 Orc Burrow
fromnorthrenI) (
teal | 60 APM | 842 actions | 14:02)
4 Blademaster
2 Wind Walk
2 Critical Strike
» actions
| Assign group hotkey | 26 | |
| Basic commands | 1 | |
| Build / train | 45 | |
| ESC pressed | 2 | |
| Enter build submenu | 11 | |
| Enter hero's abilities submenu | 4 | |
| Give item / drop item | 2 | |
| Right click | 506 | |
| Select / deselect | 138 | |
| Select group hotkey | 42 | |
| Use ability | 65 | |
842 total
» units
| Peon | 10 | |
| Grunt | 5 | |
| Troll Batrider | 11 | |
26 total
» upgrades
| Troll Regeneration | 1 | |
| Ranged Weapons | 3 | |
| Liquid Fire | 1 | |
5 total
» buildings
| Orc Burrow | 5 | |
| Altar of Storms | 1 | |
| Barracks | 1 | |
| Voodoo Lounge | 1 | |
| Stronghold | 1 | |
| War Mill | 1 | |
| Fortress | 1 | |
| Beastiary | 3 | |
14 total
» build order
00:11 Orc Burrow
00:15 Altar of Storms
00:39 Barracks
01:31 Orc Burrow
01:54 Voodoo Lounge
03:25 Stronghold
03:42 War Mill
05:21 Orc Burrow
05:50 Fortress
06:53 Beastiary
06:54 Beastiary
06:58 Beastiary
07:10 Orc Burrow
07:13 Orc Burrow
» items
| Healing Salve | 3 | |
| Boots of Speed | 1 | |
| Circlet of Nobility | 1 | |
| Orb of Lightning | 1 | |
6 total
Chat log
(00:11 / Allies) GENERAL]GUAPO: bats cuz one of them will wyvs
(00:24 / Allies) SunOfaBeach: youre an idiot anyway
(00:28 / Allies) GENERAL]GUAPO: what?
(00:29 / Allies) SunOfaBeach: its ok i will only tech
(00:31 / Allies) GENERAL]GUAPO: how?
(00:35 / Allies) QBOYQ: ghouls gargs frosts
(00:38 / Allies) Liko: dk fiend frost fast expo
(00:41 / Allies) GENERAL]GUAPO: green stats me
(00:42 / Allies) Liko: can i get corner oj
(00:45 / Allies) GENERAL]GUAPO: then call me shit
(00:49 / Allies) SunOfaBeach: from your pathetic remarks a few days afgo when u got owned by 3 heroes only rofl
(00:54 / Allies) SunOfaBeach: yes youre shit and i have replay ^^
(00:55 / Allies) Liko: just win pls
(00:58 / Allies) Liko: highest score wins
(01:12 / All) GENERAL]GUAPO: green ive never played u
(01:17 / Allies) Liko: but i will get highest score
(01:27 / All) zul.maran.: who i sgrreen
(01:37 / All) SunOfaBeach: ref wings win with refs
(01:38 / All) SunOfaBeach: woot
(01:40 / All) zul.maran.: i got 20 win 60 lose last 1 week
(01:46 / All) SkyeFox: FUCK DEt
(01:53 / All) SkyeFox: SOUTH WARREN 9 MILE
(01:54 / All) SunOfaBeach: detroit ref wings
(01:57 / All) TRIPPYMANE: leafs all day baby
(02:02 / All) SkyeFox: GO WINFS
(02:03 / All) GENERAL]GUAPO: im from toronto :D
(02:04 / All) SunOfaBeach: sens all the way
(02:10 / All) SunOfaBeach: from toronto hate the leafs
(02:12 / All) zul.maran.: ANS HABS WAS INJURYED LIKE BABIE
(02:14 / All) SunOfaBeach: leafs can sucka dick
(02:15 / All) SkyeFox: ROOKIES KILLIN IT
(02:18 / All) zul.maran.: IM A FANS OF HABS
(02:22 / All) TRIPPYMANE: lol habs
(02:26 / All) zul.maran.: BUT
(02:26 / All) TRIPPYMANE: habs bunch of pussies
(02:27 / All) zul.maran.: THEY WAS
(02:28 / All) SunOfaBeach: u guys got destroyed
(02:28 / All) zul.maran.: TO
(02:30 / All) zul.maran.: FUKING DUMB
(02:33 / All) TRIPPYMANE: sens ate the habs
(02:35 / All) SunOfaBeach: SUBBAN: "WE ARE BETTER"
(02:38 / All) zul.maran.: SO FUCKE THEM
(02:42 / All) zul.maran.: SUBBAN
(02:54 / All) zul.maran.: HABS IS 1000% better than ottawa when u are 100% of the team
(02:54 / All) TRIPPYMANE: leafs shouldve crushedthe habs
(03:00 / All) SunOfaBeach: we have no spezza
(03:06 / All) SunOfaBeach: karlsson just came back
(03:08 / All) zul.maran.: spezza vs 6 player ?
(03:15 / All) SunOfaBeach: uh my fault u guys have 3 lines only?
(03:17 / All) TRIPPYMANE: lol yea sens are better than habs
(03:18 / All) zul.maran.: Ashhole i say noting to u now
(03:23 / All) TRIPPYMANE: lol plekanec.......
(03:24 / All) zul.maran.: no more
(03:36 / All) zul.maran.: price eller emelin prust
(03:39 / All) zul.maran.: and 2 more
(03:43 / All) TRIPPYMANE: lol price
(03:44 / All) TRIPPYMANE: lol eller
(03:44 / All) SunOfaBeach: prust
(03:46 / All) SunOfaBeach: was last to go
(03:47 / All) SunOfaBeach: price
(03:47 / All) TRIPPYMANE: lol prust
(03:49 / All) SunOfaBeach: was last to go
(03:51 / All) TRIPPYMANE: lol subban
(03:53 / All) TRIPPYMANE: lol habs
(03:53 / All) zul.maran.: fuck u nerd
(03:55 / All) zul.maran.: u know noting
(03:57 / All) SunOfaBeach: dont make excuses
(04:00 / All) SunOfaBeach: your motto is NO EXCUSES
(04:02 / All) SunOfaBeach: bitch
(04:09 / All) zul.maran.: 6 player injurty
(04:13 / All) zul.maran.: and ottawa
(04:13 / All) zul.maran.: 1
(04:14 / All) zul.maran.: LOL
(04:16 / All) zul.maran.: U SERIO(U
(04:19 / All) SunOfaBeach: not my fault your line is thin
(04:21 / All) SunOfaBeach: with no depth
(04:22 / All) zul.maran.: WE HAD 6 PLAYER FROM
(04:23 / All) SunOfaBeach: no my fault
(04:24 / All) zul.maran.: OTHER LEAGUE
(04:26 / All) zul.maran.: ARE U KIDDING
(04:31 / All) SunOfaBeach: not my fault your line is shallow
(04:32 / All) TRIPPYMANE: habs got BULLIED by the sens
(04:33 / All) zul.maran.: U T
(04:36 / All) SunOfaBeach: lulz respek LOLOLOL
(04:40 / All) zul.maran.: 6 FUKING PLAYER FROM ANOTHER LEAGUE
(04:43 / All) zul.maran.: DO U UNDERSTAND
(04:46 / All) zul.maran.: I DONT SPEACK ENGLISH
(04:47 / All) SunOfaBeach: its ok u got next year
(04:48 / All) zul.maran.: BUT I KNOW
(04:48 / All) TRIPPYMANE: Lol hab fans
(04:50 / All) SunOfaBeach: enjoy the golf courses
(04:51 / All) zul.maran.: U UNDSERSTAND THAT
(04:55 / All) zul.maran.: MOTHER FUCKER
(04:57 / All) zul.maran.: I LOVE
(04:58 / All) TRIPPYMANE: leafs went further than the habs hahahaha
(05:00 / All) zul.maran.: LOTS OF TEAM
(05:01 / All) zul.maran.: LOTS
(05:03 / All) zul.maran.: OF TEAM
(05:03 / All) zul.maran.: I HATE
(05:05 / All) zul.maran.: BOSTER
(05:08 / All) zul.maran.: TORONTO
(05:10 / All) zul.maran.: AND OTTAWA
(05:14 / All) zul.maran.: THATS IT
(05:17 / All) TRIPPYMANE: toronto shouldve played habs not the bruins
(05:21 / All) zul.maran.: TONRTON
(05:24 / All) zul.maran.: SUCKCSSSS
(05:24 / All) TRIPPYMANE: wouldve been fun to slap the habs around
(05:25 / All) zul.maran.: SUCKSS
(05:31 / All) zul.maran.: NO HISTORY NO TEAM TO FUCK OFF
(05:32 / All) SunOfaBeach: u guys should be lucky gryba got suspended on a clean hit cos eller decided to face plant the ice. no.61 owned him rofl
(05:33 / All) zul.maran.: U KIDDING
(05:37 / All) TRIPPYMANE: no history?
(05:41 / All) zul.maran.: LOLLLL
(05:48 / All) TRIPPYMANE: typical habs fan
(05:49 / All) zul.maran.: OK NOW I SHUT THE +FUCK GL GL
(05:58 / All) zul.maran.: SO TRUE
(06:17 / Allies) SunOfaBeach: newb
(06:33 / Allies) GENERAL]GUAPO: changing to tauren
(06:39 / All) zul.maran.: LASTYEAR
(06:40 / All) zul.maran.: WE SUCKED
(06:41 / Allies) SunOfaBeach: im hitting them soon rofl.
(06:42 / All) zul.maran.: NOW WE GOOD
(06:43 / All) zul.maran.: THAT IT
(06:51 / All) TRIPPYMANE: why u get slapped by the undergod senators?
(06:58 / All) TRIPPYMANE: LITERALLY slapped
(07:03 / All) zul.maran.: cauz they played like montreal played last year
(07:05 / All) zul.maran.: and i hate it
(07:07 / All) zul.maran.: thats it
(07:09 / All) zul.maran.: last year
(07:10 / All) SunOfaBeach: the fat walrus owned u
(07:13 / All) zul.maran.: i hated montreal
(07:24 / All) zul.maran.: monteal
(07:26 / All) zul.maran.: was a boring team
(07:28 / All) zul.maran.: last year
(07:34 / All) TRIPPYMANE: montreal IS a boring team
(07:35 / All) TRIPPYMANE: they are small
(07:37 / All) TRIPPYMANE: and weak
(07:38 / All) zul.maran.: not anymore
(07:39 / All) zul.maran.: caus
(07:42 / All) TRIPPYMANE: and little fuckers
(07:47 / All) zul.maran.: not thing here
(07:51 / All) zul.maran.: w.e if u dont know
(07:54 / All) zul.maran.: i mean
(07:56 / All) TRIPPYMANE: atleast the leafs can stand up to tough teams
(07:57 / Allies) GENERAL]GUAPO: fight yellow
(07:57 / All) zul.maran.: ottawa is shit
(07:58 / All) zul.maran.: fuck off
(07:59 / Allies) GENERAL]GUAPO: im coming
(08:03 / All) zul.maran.: lefs
(08:06 / Allies) SunOfaBeach: hitting
(08:07 / All) zul.maran.: its like us
(08:09 / All) zul.maran.: vs boston
(08:09 / All) TRIPPYMANE: leafs would still beat ottawa
(08:13 / All) zul.maran.: we alway beated boston
(08:16 / All) zul.maran.: exept 1 year
(08:17 / All) TRIPPYMANE: yeah
(08:20 / All) TRIPPYMANE: u can beat boston
(08:23 / All) TRIPPYMANE: but not toronto
(08:30 / All) TRIPPYMANE: we can beat both
(08:35 / All) zul.maran.: montreal beat boston 3/4
(08:45 / All) TRIPPYMANE: toronto only beat boston once this season
(08:48 / All) zul.maran.: toronto beat montreal 2/4
(08:49 / All) zul.maran.: ^^
(09:34 / Allies) Liko: brt
(09:39 / Allies) GENERAL]GUAPO: k
(09:55 / All) zul.maran.: lol
(10:05 / Allies) GENERAL]GUAPO: after
(10:29 / Allies) GENERAL]GUAPO: i wanna expo
(10:32 / Allies) GENERAL]GUAPO: get that after
(12:16 / All) TRIPPYMANE: let red die
(13:08 / All) zul.maran.: we was tked
(13:10 / All) zul.maran.: each other
(13:12 / Allies) GENERAL]GUAPO: yo green we seem to be doing fine ;)
(13:12 / All) zul.maran.: about hockey
(13:14 / All) zul.maran.: but we dint
(13:14 / All) TRIPPYMANE: red fucked us over gg
(13:20 / All) zul.maran.: but we did the same
(13:22 / All) zul.maran.: at leat
(13:24 / All) zul.maran.: i respect
(13:25 / All) zul.maran.: all of u
(13:26 / All) zul.maran.: gg
(13:36 / All) TRIPPYMANE: hes a habs fan he has to
(13:54 / All) TRIPPYMANE: red tp to me
(13:55 / All) zul.maran.: lol
(14:07 / All) zul.maran.: lmao guys
(14:10 / All) zul.maran.: all about hockey
(14:15 / All) TRIPPYMANE: LOL
(14:19 / All) TRIPPYMANE: hockey won u guys the game
(14:20 / All) TRIPPYMANE: goodjob